 Dungeon Crawl Stone Soup version 0.28.0-53-g5a82cb258f (webtiles) character file.

Game seed: 14257104521510679664

27 meekasboy the Cutter (level 2, 0/21 HPs)
             Began as a Vampire Monk on June 21, 2022.
             Was a Believer of Sif Muna.
             Shot with a stone by a goblin (1 damage)
             ... on level 2 of the Dungeon.
             The game lasted 00:06:25 (820 turns).

meekasboy the Cutter (Vampire Monk)                  Turns: 820, Time: 00:06:26

Health: 0/21       AC:  2    Str: 10    XL:     2   Next: 93%
Magic:  2/2        EV: 13    Int: 12    God:    Sif Muna [**....]
Gold:   43         SH:  0    Dex: 16    Spells: 1/1 levels left

rFire   . . .      SeeInvis +   a - +0 short sword
rCold   . . .      Faith    .   (no shield)
rNeg    . . .      Spirit   .   b - +0 robe
rPois   .          Reflect  .   (no helmet)
rElec   .          Harm     .   (no cloak)
rCorr   .          Rampage  .   (no gloves)
Will    .....                   (no boots)
Stlth   ++........              (no amulet)
HPRegen 0.27/turn               (no ring)
MPRegen 0.08/turn               (no ring)

@: healing quickly
A: alive, fangs 3, see invisible, vampiric 1, [frail 1]
a: Exsanguinate, Renounce Religion, Channel Magic


You were on level 2 of the Dungeon.
You worshipped Sif Muna.
Sif Muna was pleased with you.
You visited 1 branch of the dungeon, and saw 2 of its levels.

You collected 43 gold pieces.

Inventory:

Hand Weapons
 a - a +0 short sword (weapon)
Missiles
 f - 39 stones (quivered)
Armour
 b - a +0 robe (worn)
 i - a +0 pair of gloves
Scrolls
 d - a scroll of magic mapping
Potions
 c - a potion of mutation {unknown}
 e - a potion of degeneration {unknown}
 g - a potion of might {unknown}


   Skills:
 + Level 3.1 Fighting
 + Level 3.7 Short Blades
 + Level 0.2 Throwing
 + Level 3.6 Dodging
 + Level 3.2 Stealth


You had one spell level left.
You didn't know any spells.
Your spell library contained the following spells:

 Spells                   Type           Power      Damage    Failure   Level
 Animate Skeleton         Necr           0%         N/A       32%         1
 Apportation              Tloc           0%         N/A       32%         1
 Summon Small Mammal      Summ           0%         N/A       32%         1


Dungeon Overview and Level Annotations

Branches:
Dungeon (2/15)

Altars:
Sif Muna


Innate Abilities, Weirdness & Mutations

Your natural rate of healing is accelerated.
You have razor-sharp teeth.
You have supernaturally acute eyesight. (SInv)
You are afflicted with vampirism.
[You are frail. (-10% HP)]


Message History

The stone hits the adder but does no damage.
The adder closely misses you. The hobgoblin hits you.
You throw a stone. The stone closely misses the adder.
The adder closely misses you. The hobgoblin hits you.
The adder closely misses you.
You hit the hobgoblin.
The hobgoblin is severely wounded.
The hobgoblin hits you. The adder misses you.
You barely miss the hobgoblin.
The hobgoblin is severely wounded.
The adder bites you. The hobgoblin closely misses you.
You hit the hobgoblin but do no damage.
The hobgoblin is severely wounded.
The adder bites you.
The goblin unwields a +0 club.
The goblin wields a +0 hunting sling.
The goblin shoots a stone.
The stone hits you. The hobgoblin completely misses you.
You barely miss the hobgoblin.
The hobgoblin is severely wounded.
The adder closely misses you. The hobgoblin hits you.
* * * LOW HITPOINT WARNING * * *
The goblin shoots a stone.
The stone closely misses you.
You hit the hobgoblin.
You kill the hobgoblin!
Sif Muna accepts your kill. The adder bites you.
* * * LOW HITPOINT WARNING * * *
The adder bites you.
* * * LOW HITPOINT WARNING * * *
The goblin shoots a stone.
Keep bloodletting? [Y]es or [N]o only, please.
Keep bloodletting?
The stone closely misses you. The adder bites you.
* * * LOW HITPOINT WARNING * * *
You begin bloodletting.
You continue bloodletting.
The goblin shoots a stone.
The stone hits you but does no damage. The adder barely misses you.
You continue bloodletting.
The adder barely misses you.
The goblin shoots a stone.
The stone hits you.
You die...

#......# #......#
#......# ..#...
#....... .....# #
#....(.#
##..#..##.
....g.###........
#..†SJ...#<..#
#@# #.##...#
#.###....#
#.......##
#<###.#.##.## ###
#..........
#.#.##.##.# #.#.#
.. #.#.# ## #....


You could see an adder, an endoplasm and a goblin.

Vanquished Creatures
  A dart slug (D:1)
  5 bats (D:1)
  An endoplasm (D:1)
  2 hobgoblins
  2 jackals (D:1)
  2 kobolds (D:1)
  2 quokkas (D:1)
  3 ball pythons (D:1)
  2 frilled lizards (D:1)
  2 rats (D:1)
22 creatures vanquished.

Notes
Turn   | Place    | Note
-------+----------+-------------------------------------------
     0 | D:1      | meekasboy the Vampire Monk began the quest for the Orb.
     0 | D:1      | Reached XP level 1. HP: 17/17 MP: 1/1
   177 | D:1      | Reached XP level 2. HP: 14/20 MP: 2/2
   558 | D:1      | Found a faded altar of an unknown god.
   571 | D:1      | Prayed at the altar of an unknown god.
   571 | D:1      | Became a worshipper of Sif Muna the Loreminder
   571 | D:1      | Reached * piety under Sif Muna
   571 | D:1      | Reached ** piety under Sif Muna
   818 | D:2      | HP: 1/21 [adder (3)]
   820 | D:2      | Shot with a stone by a goblin

Illustrated notes

Levels and vault maps discovered:
D:1:      eino_arrival_cavern_a, layout_rooms, shapermc_ecumenical_altar_pompeii
D:2:      layout_basic, basic_altar, minmay_indecisive_spiral, uniq_jessica

Skill      XL: |  1  2 |
---------------+-------+-----
Fighting       | 3 |  3.1
Short Blades   | |  3.7
Throwing       | |  0.2
Dodging        | |  3.6
Stealth        | |  3.2

Action                   || total
-------------------------++-------
Melee: Short sword       ||    67
       Bite              ||     6
       Punch             ||     3
Throw: Stone             ||    24
 Abil: Exsanguinate      ||     2
       Revivify          ||     1
  Use: Scroll            ||     3
 Stab: Sleeping          ||     4
Armor: Robe              ||    26
Dodge: Dodged            ||    68
